[Event "Early-Titled-Tuesday-Blitz-February-20-2024"]
[Site "Chess.com"]
[Date "2024.02.20"]
[Round "1"]
[White "MVM2008"]
[Black "Kobalia"]
[Result "1-0"]
[WhiteElo "2466"]
[BlackElo "2787"]
[TimeControl "180+1"]
[EndTime "8:07:43 PST"]
[Termination "MVM2008 won on time"]

1. e4 c5 2. Nf3 e6 3. d4 cxd4 4.
Nxd4 Nc6 5. Nc3 a6 6. a3 d6 7. f4 Nf6 8. Be3 Bd7 9. Be2 Be7 10. Qd2 O-O 11. O-O-O Rc8 12. g4 Nxd4 13. Bxd4 Bc6 14.
Bf3 b5 15. g5 Nd7 16. h4 e5 17. Be3 exf4 18. Bxf4 Ne5 19. Bxe5 dxe5 20. Nd5 Bxd5 21. exd5 Bd6 22. Be4 Rc4 23. Qd3 g6 24. h5 Qxg5+ 25. Kb1 f5 26. hxg6 fxe4 27. Qh3 h6 28. Qe6+ Kg7 29. Qxd6 Rd8 30. Qe6 Rc7 31. Rdf1 Rdd7 32. Rhg1 Re7 33. Rf7+ Rxf7 34. Rxg5 Rfe7 35. Qf5 hxg5 36.
d6 Rcd7 37. dxe7 Rxe7 38. Qxg5 Re6 39. Qf5 Re7 40. Qxe4 Kf6 41. Qh4+ Ke6 42. Qh6 1-0

[Event "Early-Titled-Tuesday-Blitz-February-20-2024"]
[Site "Chess.com"]
[Date "2024.02.20"]
[Round "1"]
[White "Ordekalog"]
[Black "aldebaran52"]
[Result "1-0"]
[WhiteElo "2581"]
[BlackElo "2186"]
[TimeControl "180+1"]
[EndTime "8:07:43 PST"]
[Termination "Ordekalog won by resignation"]

1. e4 c5 2. d3 e6 3. g3 d6 4. Bg2 Nc6 5. f4 g6 6. Nf3 Bg7 7. c3 Nge7 8. O-O O-O 9. Be3 Rb8 10. Nbd2 b5 11. d4 b4 12. Nb3 bxc3 13. bxc3 cxd4 14. cxd4 Ba6 15. Re1 d5 16. e5 Nf5 17. Bf2 h5 18. Nc5 Bc4 19. Qa4 Nb4 20. Red1 Qe8 21. Qxe8 Rfxe8 22. Rd2 Bf8 23. Nd7 Be7 24. Nxb8 Rxb8 25. Rb1 Rc8 26. Bf1 Bxa2 27. Rxb4 Bxb4 28. Rxa2 a5 29. Be1 Bxe1 30. Nxe1 Rc1 31. Kf2 Nxd4 32. Rxa5 Rb1 33. Nd3 Rd1 34. Ra2 Rb1 35. Rb2 Ra1 36.
h3 Kg7 37. g4 hxg4 38. hxg4 g5 39. Rb4 Nc6 40. Rb6 Ne7 41. Rb7 Ra2+ 42. Ke3 Ng6 43. f5 exf5 44. gxf5 Nh4 45. f6+ Kg6 46. Bh3 Nf5+ 47.
Bxf5+ Kxf5 48. Rxf7 g4 49. Rg7 Ra3 50. Kd4 Ra4+ 51.
Kxd5 Re4 52. Rg5+ Kxg5 53. Kxe4 1-0

[Event "Early-Titled-Tuesday-Blitz-February-20-2024"]
[Site "Chess.com"]
[Date "2024.02.20"]
[Round "1"]
[White "bipe137"]
[Black "bancsoo"]
[Result "1-0"]
[WhiteElo "2522"]
[BlackElo "2897"]
[TimeControl "180+1"]
[EndTime "8:07:44 PST"]
[Termination "bipe137 won by resignation"]

1. d4 Nf6 2. c4 e6 3. Nc3 Bb4 4. Qb3 c5 5. dxc5 Na6 6. a3 Bxc5 7.
Qc2 O-O 8. Nf3 b6 9. Bg5 Be7 10. e3 Bb7 11. Be2 Rc8 12. O-O h6 13. Bh4 Nc5 14.
Rac1 d6 15. Rfd1 a6 16. b4 Ncd7 17. h3 Qc7 18. Qb2 Rfe8 19. Rd2 Qb8 20. Rcd1 Bxf3 21. Bxf3 Rxc4 22. Bg3 Rec8 23. Ne2 Ne5 24. Bxe5 dxe5 25.
Ng3 b5 26. Be2 Rc3 27. Bd3 Qb7 28. Ne2 R3c7 29. Qxe5 Qb6 30. Bb1 Nd5 31. Qe4 f5 32. Qd3 Nf6 33. Qb3 Kh8 34. Nf4 Rc3 35. Qb2 Kh7 36. Rd3 Rxd3 37. Bxd3 g5 38. Ne2 Rd8 39.
Nd4 Kg8 40. Qb3 Rd5 41. Rc1 Kf7 42. Rc6 Qb7 43. Rxe6 Rxd4 44. exd4 Kf8 45. Bxf5 Qc7 46. Qe3 Nd5 47. Qe5 Qc1+ 48. Kh2 Nf4 49. Qh8+ 1-0

[Event "Early-Titled-Tuesday-Blitz-February-20-2024"]
[Site "Chess.com"]
[Date "2024.02.20"]
[Round "1"]
[White "Fighterman91"]
[Black "Cheer_Down"]
[Result "1-0"]
[WhiteElo "2762"]
[BlackElo "2414"]
[TimeControl "180+1"]
[EndTime "8:07:44 PST"]
[Termination "Fighterman91 won by resignation"]

1. d4 Nf6 2. Bf4 d5 3. e3 e6 4. Nd2 c5 5. c3 Nc6 6. Ngf3 Bd6 7. Bg3 O-O 8. Bb5 Be7 9. O-O a6 10. Bd3 Bd6 11. Ne5 Ne7 12. dxc5 Bxc5 13. Qe2 Ng6 14. Nxg6 hxg6 15. Rad1 Qe7 16. Bh4 Bd7 17. e4 dxe4 18.
Nxe4 Bc6 19. Nxc5 Qxc5 20. Bg3 Rfd8 21. Rfe1 Bb5 22. c4 Bc6 23. Qe5 Qxe5 24. Bxe5 Rd7 25. f3 Rad8 26. Be2 Rxd1 27. Rxd1 Rxd1+ 28. Bxd1 Nd7 29. Bd6 f6 30. b4 b5 31. Bb3 Kf7 32. c5 Bd5 33. Bxd5 exd5 34. c6 Nb6 35. Bc5 Nc8 36.
Kf2 Ke6 37. Ke3 Ne7 38. c7 Nc8 39. Kd4 g5 40. g3 g6 41. h4 gxh4 42. gxh4 f5 43. f4 Kd7 44. Kxd5 Kxc7 45. Ke6 Kc6 46. Kf6 a5 47. a3 axb4 48. axb4 Nd6 49. Bxd6 Kxd6 50.
Kxg6 Kd5 51. h5 Kc4 52. h6 1-0

[Event "Early-Titled-Tuesday-Blitz-February-20-2024"]
[Site "Chess.com"]
[Date "2024.02.20"]
[Round "1"]
[White "Zurability"]
[Black "IndianSchoolOfSuffering"]
[Result "1-0"]
[WhiteElo "2736"]
[BlackElo "2401"]
[TimeControl "180+1"]
[EndTime "8:07:44 PST"]
[Termination "Zurability won by resignation"]

1. e4 c6 2. d4 d5 3. e5 Bf5 4.
Nf3 e6 5. Be2 Nd7 6. O-O a6 7.
Be3 Ne7 8. Nbd2 Bg6 9. Nb3 Nf5 10. Bg5 Be7 11. Bxe7 Qxe7 12. Qd2 O-O 13. Rfe1 c5 14. c3 c4 15. Nc1 h6 16. Qf4 b5 17. h4 a5 18. h5 Bh7 19. Qh2 b4 20. g4 bxc3 21. bxc3 Qa3 22. gxf5 Qxc3 23. f6 gxf6 24. exf6 Nxf6 25.
Qg3+ Kh8 26. Qe5 Rg8+ 27. Kf1 Kg7 28. Nb3 cxb3 29. Rac1 Qb4 30. axb3 Qb8 31. Rc7 Ra7 32. Rec1 Rxc7 33. Rxc7 Rc8 34. Qg3+ Kf8 35. Qd6+ Kg7 36. Rxf7+ Kxf7 37. Ne5+ Kg7 38. Qe7+ Kg8 39. Qxe6+ Kg7 40. Qf7+ Kh8 41. Qxf6+ Kg8 42. Qe6+ Kg7 43. Qf7+ Kh8 44. Qf6+ Kg8 45. Bf3 Qc7 46. Bxd5+ 1-0

[Event "Early-Titled-Tuesday-Blitz-February-20-2024"]
[Site "Chess.com"]
[Date "2024.02.20"]
[Round "1"]
[White "JonaszBaum"]
[Black "CrazyMartian"]
[Result "1-0"]
[WhiteElo "2679"]
[BlackElo "2343"]
[TimeControl "180+1"]
[EndTime "8:07:44 PST"]
[Termination "JonaszBaum won by resignation"]

1. e4 c5 2. Nf3 d5 3. exd5 Nf6 4. Nc3 Nxd5 5. Bb5+ Bd7 6. Ne5 Bxb5 7. Nxb5 Nc6 8. Nxc6 bxc6 9. Na3 e6 10. O-O Be7 11. d3 O-O 12. Nc4 Rb8 13. Re1 Re8 14. a3 Nb6 15.
Ne5 Qc8 16. Qf3 Bf6 17. Nxc6 Rb7 18. Na5 Rd7 19. c3 Nd5 20. Nc4 Qb7 21. Bd2 Rb8 22.
Rad1 Nb6 23. Qxb7 Rdxb7 24. Nxb6 axb6 25. Kf1 Rd7 26. Ke2 Rbd8 27. Be3 h5 28. h3 Rd5 29. Rd2 g5 30. Rb1 Kg7 31. c4 R5d7 32. b4 Bd4 33. bxc5 Bxe3 34. fxe3 bxc5 35. Rb5 Rc7 36.
a4 Ra8 37. a5 f5 38. Ra2 Kf6 39. a6 Ke7 40. Rb6 Rca7 41. d4 cxd4 42. exd4 Kd7 43. Kd3 g4 44. d5 exd5 45. cxd5 f4 46. Kd4 f3 47. gxf3 gxf3 48. Rf6 f2 49. Rf7+ Kd6 50. Rfxf2 Re7 51. Rf6+ Kd7 52. a7 Ke8 53. Rh6 Rexa7 54. Rxa7 Rxa7 55. Rh8+ 1-0

[Event "Early-Titled-Tuesday-Blitz-February-20-2024"]
[Site "Chess.com"]
[Date "2024.02.20"]
[Round "1"]
[White "AsaHoffmann"]
[Black "YurasovMat-2012"]
[Result "1-0"]
[WhiteElo "2339"]
[BlackElo "2648"]
[TimeControl "180+1"]
[EndTime "8:07:44 PST"]
[Termination "AsaHoffmann won on time"]

1. d4 d5 2. Bg5 c5 3. dxc5 Nc6 4. c3 Nf6 5. Nd2 e5 6. Nb3 Be6 7. e3 h6 8. Bh4 g5 9. Bg3 Ne4 10. Bb5 Qc7 11. Nf3 Bg7 12. O-O f5 13. h3 O-O 14.
Bh2 a6 15. Bxc6 bxc6 16. Nfd2 Rad8 17. Nxe4 dxe4 18. Qe2 Rd3 19. Rfd1 Bc4 20. Nd2 Be6 21. Nf1 Rfd8 22. Rd2 Qb7 23. Rad1 Qb5 24. b3 Qxc5 25. Rxd3 exd3 26. Rxd3 Re8 27. c4 e4 28. Rd1 Bf7 29. Qd2 Bh5 30. Qd6 Qa5 31. Rd2 Qc3 32.
Bg3 Qc1 33. Qxc6 f4 34. exf4 e3 35. Qd5+ Bf7 36. Rd1 Qb2 37. Qd3 e2 38. Re1 exf1=Q+ 39. Rxf1 Qxa2 40. fxg5 hxg5 41. Rd1 Qb2 42. Kh2 Qf6 43. Qd6 Qf5 44. Rd3 g4 45. h4 Re1 46. c5 Be8 47. c6 Rc1 48. c7 Kh7 49. Qd5 Qxd5 50. Rxd5 Bb5 51. Rd8 1-0

[Event "Early-Titled-Tuesday-Blitz-February-20-2024"]
[Site "Chess.com"]
[Date "2024.02.20"]
[Round "1"]
[White "jup1978"]
[Black "alexrustemov"]
[Result "0-1"]
[WhiteElo "2505"]
[BlackElo "2906"]
[TimeControl "180+1"]
[EndTime "8:07:45 PST"]
[Termination "alexrustemov won by resignation"]

1. e4 e6 2. d4 d5 3. Nc3 dxe4 4.
Nxe4 Bd7 5. Nf3 Bc6 6. Bd3 Nd7 7.
O-O Ngf6 8. Ng3 Be7 9. b3 b5 10. Bb2 b4 11. a3 a5 12. Qe2 O-O 13. Ne5 Nxe5 14. dxe5 Qd5 15. f3 bxa3 16. Bc1 Qd4+ 17. Be3 Qxe5 18. Qd2 Bc5 19. Bxc5 Qxc5+ 20. Kh1 Rfd8 21.
Qc1 a4 22. Qxa3 Qxa3 23. Rxa3 axb3 24. Rxa8 Rxa8 25. cxb3 Bd5 26. b4 Ra3 27. Bc2 Rc3 28. Be4 Bxe4 29. fxe4 Ng4 30. Kg1 g6 31. Rd1 Rc2 32.
Nf1 Rc4 33. Rd7 Rxb4 34. Rxc7 Rxe4 35. h3 Nf6 36. Ng3 Re5 37. Rb7 h5 38. Rb4 Kg7 39. Ra4 Rd5 40. Rb4 g5 41. Ra4 h4 42.
Ne2 Kg6 43. Nc3 Rc5 44. Ne2 Re5 45. Kf2 Re4 46. Ra7 Rb4 47. Nc3 Ne4+ 48. Nxe4 Rxe4 49. Kf3 Rb4 50. Kf2 f6 51. Ra6 Kf5 52. Ra5+ e5 53. Ra2 Kf4 54. Rc2 f5 55. Rd2 e4 56. Rc2 Rd4 57.
Kg1 Kg3 58. Rc1 Rd2 59. Re1 Rxg2+ 60. Kh1 Rh2+ 61. Kg1 Rxh3 62. Re2 Kg4 63. Kg2 Rg3+ 64. Kh2 e3 65. Re1 f4 66. Rf1 Rf3 67. Rg1+ Kf5 68. Re1 g4 69. Kh1 Rf2 70. Rg1 e2 0-1

[Event "Early-Titled-Tuesday-Blitz-February-20-2024"]
[Site "Chess.com"]
[Date "2024.02.20"]
[Round "1"]
[White "LikeWater"]
[Black "nicolasbatista3"]
[Result "0-1"]
[WhiteElo "2728"]
[BlackElo "2421"]
[TimeControl "180+1"]
[EndTime "8:07:46 PST"]
[Termination "nicolasbatista3 won by checkmate"]

1. e4 c6 2. d4 d5 3. Nc3 dxe4 4.
Bc4 Nf6 5. f3 Bf5 6. g4 Bg6 7.
g5 Nd5 8. Nxe4 e6 9. Ne2 Nd7 10. N2g3 Be7 11. h4 Qc7 12. c3 f5 13. gxf6 N7xf6 14. Rg1 Nxe4 15. fxe4 Bxh4 16. Qg4 Bxg3+ 17. Qxg3 Qxg3+ 18.
Rxg3 Bxe4 19. Rxg7 O-O-O 20. Bxd5 exd5 21. Bf4 Rd7 22. Rg5 Rf8 23. Be5 Rdf7 24. O-O-O Rf2 25. Rd2 Rf1+ 26. Rd1 R8f2 27. Rxf1 Rxf1+ 28. Kd2 Rf2+ 29. Ke3 Rxb2 30. Rg7 a5 31. a4 b5 32. Ra7 bxa4 33. Rxa5 Bc2 34. Ra7 h5 35. Kf4 Bd1 36. Kg5 Rb1 37.
Kf6 Rb7 38. Ra6 Kd7 39. Kg5 Rb2 40. Kf6 h4 41. Ra7+ Kc8 42. Ke7 Rb7+ 43. Rxb7 Kxb7 44.
Bd6 h3 45. Kf6 a3 46. Bxa3 h2 47. Bd6 h1=Q 48. Be5 Qe4 49. Ke7 Bc2 50. Kd6 Qg6+ 51. Kc5 Qf7 52. Bd6 Bd3 53. Be5 Bb5 54. Bd6 Qf1 55. Be5 Qe2 56. Kd6 Qd3 57. Kd7 Qxc3 58. Kd6 Qd3 59. Kd7 Qe4 60. Kd6 Kb6 61. Kd7 c5+ 62. Kd6 cxd4 63. Bf6 Qf4+ 64. Be5 Qxe5+ 65. Kxe5 d3 66. Kd6 d2 67. Ke7 d1=Q 68. Kd6 d4 69.
Ke6 Qb3+ 70. Kd6 Qb4+ 71. Ke6 d3 72. Kf7 d2 73. Kf6 Qe4 74. Kg7 Qf5 75. Kh6 Qg4 76. Kh7 d1=R 77. Kh8 Rh1# 0-1

[Event "Early-Titled-Tuesday-Blitz-February-20-2024"]
[Site "Chess.com"]
[Date "2024.02.20"]
[Round "1"]
[White "OparinGrigoriy"]
[Black "TitarovVasiliYouTube"]
[Result "1-0"]
[WhiteElo "3003"]
[BlackElo "2522"]
[TimeControl "180+1"]
[EndTime "8:07:47 PST"]
[Termination "OparinGrigoriy won on time"]

1. c4 e6 2. Nc3 d5 3. d4 a6 4. cxd5 exd5 5. Bf4 Nf6 6. e3 Bd6 7. Bd3 Bxf4 8. exf4 O-O 9. h3 Re8+ 10. Kf1 Nc6 11. Nf3 Qd6 12. g3 Ne7 13. Qc2 g6 14. Kg2 Bf5 15.
Rhe1 Bxd3 16. Qxd3 Nf5 17. g4 Ng7 18. Ne5 Ne6 19. Kg3 c5 20. dxc5 Nxc5 21. Qd4 Rad8 22. Rad1 Qc7 23. f3 Ne6 24. Qd2 d4 25. Ne4 Nxe4+ 26.
Rxe4 f6 27. Nd3 Ng7 28. Rc1 Qd7 29. Qc2 Rxe4 30. fxe4 Ne6 31. Qb3 Kh8 32. Qb6 Rc8 33. Rxc8+ Qxc8 34. e5 Qc2 35. Qxe6 Qxd3+ 36. Kh4 fxe5 37.
Qxe5+ Kg8 38. Qb8+ Kg7 39. Qxb7+ Kg8 40. Qc8+ Kg7 41.
Qd7+ Kg8 42. Qe8+ Kg7 43. Qe7+ Kg8 44. Kg5 Qe3 45. Qd8+ Kg7 46. Qd7+ Kg8 47. Qd8+ Kg7 48. Qc7+ Kf8 49. Kf6 1-0

[Event "Early-Titled-Tuesday-Blitz-February-20-2024"]
[Site "Chess.com"]
[Date "2024.02.20"]
[Round "1"]
[White "mortngabriel"]
[Black "Durarbayli"]
[Result "1/2-1/2"]
[WhiteElo "2528"]
[BlackElo "2968"]
[TimeControl "180+1"]
[EndTime "8:07:47 PST"]
[Termination "Game drawn - insufficient material"]

1. e4 e5 2. Nc3 Nc6 3. Bc4 Nf6 4. d3 Na5 5. Qf3 d6 6. Nge2 Be7 7. O-O c6 8. Ng3 Bg4 9. Qe3 O-O 10. h3 Bxh3 11. gxh3 d5 12. Bb3 d4 13. Qf3 dxc3 14. bxc3 Nxb3 15. axb3 g6 16. Bh6 Re8 17. h4 Qd7 18. Kg2 Ng4 19. Bg5 h5 20. Qe2 f6 21. Bd2 f5 22.
exf5 gxf5 23. f3 Nf6 24. Qxe5 Kf7 25. Qxf5 Rg8 26. Qxd7 Nxd7 27. Kh3 Rg6 28. Rg1 Rag8 29. Ne2 Ne5 30. Rxg6 Rxg6 31. Rf1 Rg8 32. Ng3 Ng6 33.
Bg5 Bxg5 34. hxg5 Nf4+ 35. Kh4 Re8 36. Ne4 Kg6 37. Kg3 Rf8 38. Re1 h4+ 39. Kg4 Nh5 40.
Kxh4 Rxf3 41. Kg4 Rf4+ 42. Kh3 a5 43. Nd6 b5 44. Ra1 a4 45. bxa4 Rxa4 46. Rxa4 bxa4 47. Nc4 Kxg5 48. Kg2 Nf4+ 49. Kf3 Nd5 50. Ke4 Nxc3+ 51. Kd4 Nb5+ 52. Kc5 a3 53. Nxa3 Nxa3 54. Kxc6 Nxc2 55. d4 Nxd4+ 1/2-1/2

[Event "Early-Titled-Tuesday-Blitz-February-20-2024"]
[Site "Chess.com"]
[Date "2024.02.20"]
[Round "1"]
[White "Sam_ChessMood"]
[Black "kecalk"]
[Result "1-0"]
[WhiteElo "2933"]
[BlackElo "2510"]
[TimeControl "180+1"]
[EndTime "8:07:47 PST"]
[Termination "Sam_ChessMood won on time"]

1. d4 Nf6 2. c4 e6 3. Nf3 d5 4. Nc3 Bb4 5. cxd5 exd5 6. Bg5 h6 7. Bh4 O-O 8. e3 Bf5 9. Qb3 Bxc3+ 10. bxc3 Nbd7 11.
Be2 c5 12. dxc5 Nxc5 13. Qb4 Rc8 14. O-O Re8 15. Rfd1 g5 16. Bg3 Qe7 17. Nd4 Bd7 18. c4 dxc4 19. Bxc4 Nfe4 20. Rac1 h5 21. Nb5 Bxb5 22.
Bxb5 Red8 23. Qb2 f6 24. Bc4+ Kg7 25. Qe2 h4 26. Bxh4 gxh4 27. Qg4+ Kh8 28. Qxh4+ Qh7 29. Qf4 Qg7 30. Rd5 Rxd5 31. Bxd5 Ng5 32. Kh1 b6 33. e4 Rd8 34. Rc3 Nce6 35. Qe3 Rg8 36. Qg3 Qg6 37. Qh4+ Qh7 38. Qg3 Nf7 39. Qe3 Neg5 40.
g3 1-0

[Event "Early-Titled-Tuesday-Blitz-February-20-2024"]
[Site "Chess.com"]
[Date "2024.02.20"]
[Round "1"]
[White "Chessdude1987"]
[Black "IMRosen"]
[Result "0-1"]
[WhiteElo "2318"]
[BlackElo "2652"]
[TimeControl "180+1"]
[EndTime "8:07:49 PST"]
[Termination "IMRosen won on time"]

1. e4 c5 2. Nf3 Nc6 3. Bb5 e6 4.
Bxc6 bxc6 5. d3 Ne7 6. Qe2 Ng6 7. h4 f6 8. e5 Nxe5 9. Nxe5 fxe5 10. Qxe5 d6 11.
Qe2 Be7 12. Qh5+ g6 13. Qe2 Bxh4 14. Nc3 Bf6 15. Ne4 Bg7 16. Bg5 Qc7 17. Nf6+ Bxf6 18. Bxf6 O-O 19. Bc3 e5 20. O-O-O Qf7 21. f3 Qxa2 22. Rh2 Qf7 23. Rdh1 h5 24. Rh4 a5 25. Qe3 a4 26. f4 exf4 27. Qf3 a3 28. Rxh5 gxh5 29. Rxh5 Qg6 30. Rh8+ Kf7 31. Qxf4+ Bf5 32. Rh6 a2 33. Rxg6 a1=Q+ 34. Kd2 Kxg6 35. Qxd6+ Kg5 36.
Qg3+ Bg4 37. Qe5+ Rf5 38. Qg7+ Kf4 39. Qh6+ Kg3 40. Qd6+ Kxg2 41. Qxc6+ Rf3 42. Qg6 Qf1 43. Qxg4+ Rg3 44. Qe4+ Qf3 45. Qe2+ Qxe2+ 46. Kxe2 Re8+ 47. Kd2 Rf3 0-1

[Event "Early-Titled-Tuesday-Blitz-February-20-2024"]
[Site "Chess.com"]
[Date "2024.02.20"]
[Round "1"]
[White "VladimirBugayev"]
[Black "Juwen"]
[Result "0-1"]
[WhiteElo "2267"]
[BlackElo "2618"]
[TimeControl "180+1"]
[EndTime "8:07:49 PST"]
[Termination "Juwen won on time"]

1. e4 e5 2. Nf3 Nc6 3. d4 exd4 4.
Nxd4 Nf6 5. Nxc6 bxc6 6. e5 Qe7 7. Qe2 Nd5 8. h4 a5 9. c4 Ba6 10. b3 a4 11. Bd2 Nb4 12. Bc3 c5 13. Qd2 g6 14. h5 Bg7 15. f4 O-O 16. Na3 d6 17. O-O-O dxe5 18. f5 gxf5 19. h6 Rfd8 20. Qf2 Rxd1+ 21.
Kxd1 Rd8+ 22. Kc1 Qg5+ 23. Kb2 Bxh6 24. Rxh6 Qxh6 25. Qxf5 Bc8 26. Qxe5 f6 27. Qxc5 Na6 28. Qf2 Kg7 29. Nb5 Qg6 30. Nd4 Nc5 31. Be2 Ne4 32.
Qe3 Nxc3 33. Qxc3 Qxg2 34. Ka3 Rxd4 35. Qxd4 Qxe2 36. Qd8 Bf5 37. Qxc7+ Kg6 38. Qg3+ Qg4 39. Qe3 axb3 40. axb3 h5 41. Qe8+ Kg5 42. Qe3+ Qf4 43.
Qg1+ Bg4 44. Qc5+ Qe5 45. Qf8 h4 46. Qg8+ Kf4 0-1

[Event "Early-Titled-Tuesday-Blitz-February-20-2024"]
[Site "Chess.com"]
[Date "2024.02.20"]
[Round "1"]
[White "yuriydovzik"]
[Black "masnyszachistaaa"]
[Result "0-1"]
[WhiteElo "2125"]
[BlackElo "2563"]
[TimeControl "180+1"]
[EndTime "8:07:50 PST"]
[Termination "masnyszachistaaa won on time"]

1. Nf3 c5 2. c3 Nf6 3. d4 g6 4. g3 Bg7 5. Bg2 O-O 6. O-O cxd4 7.
cxd4 d5 8. Ne5 e6 9. Nc3 Nfd7 10. f4 f6 11. Nd3 Nc6 12. e3 b6 13. Nxd5 Bb7 14.
N5b4 Rc8 15. Qb3 Qe7 16. Nxc6 Bxc6 17. Bxc6 Rxc6 18. d5 exd5 19. Qxd5+ Qe6 20. Qxe6+ Rxe6 21. b3 f5 22. Rb1 Rc8 23. Rf2 Nf6 24. Ne5 Ne4 25. Rf1 Bxe5 26. fxe5 Rxe5 27. Bb2 Rd5 28. Bd4 Nd2 29. Rbc1 Rcd8 30. Rf2 Ne4 31. Rfc2 Ng5 32.
Kf2 Ne6 33. Rc8 Nxd4 34. exd4 Rxd4 35. R1c7 a5 36. Ke3 Re4+ 37. Kf3 Rxc8 38. Rxc8+ Kg7 39. Rc7+ Kh6 40. Rb7 Rb4 41. h4 Rb5 42. Kf4 Rb4+ 43. Kf3 a4 44. bxa4 Rxa4 45. Rxb6 Rxa2 46. Rb7 Ra3+ 47.
Kg2 Ra4 0-1

[Event "Early-Titled-Tuesday-Blitz-February-20-2024"]
[Site "Chess.com"]
[Date "2024.02.20"]
[Round "1"]
[White "picturesquecheck"]
[Black "blitzking1729"]
[Result "1-0"]
[WhiteElo "2423"]
[BlackElo "2729"]
[TimeControl "180+1"]
[EndTime "8:07:51 PST"]
[Termination "picturesquecheck won by resignation"]

1. e4 c5 2. Nf3 d6 3. d4 cxd4 4. Nxd4 Nf6 5. Nc3 Nc6 6. Bg5 e6 7. Qd2 Be7 8. O-O-O h6 9. Bxf6 gxf6 10. Ndb5 a6 11.
Nxd6+ Bxd6 12. Qxd6 Qxd6 13. Rxd6 Ke7 14. Rd2 b5 15. f3 Bb7 16. Bd3 h5 17. Rhd1 Rhg8 18.
Bf1 Rad8 19. Rxd8 Nxd8 20. Ne2 h4 21. h3 Nc6 22. Nf4 Ne5 23. b3 Rc8 24. Nd3 Nd7 25. Kb2 Rg8 26. a3 Rc8 27. Ra1 Nb6 28. Nf2 Nd7 29. a4 b4 30. a5 Nc5 31. Nd3 Nxd3+ 32. Bxd3 Rg8 33. Bf1 Rb8 34. Rd1 e5 35. Bc4 Bc8 36. Rd2 Be6 37. Bxa6 Ra8 38. Bc4 Rxa5 39.
Bxe6 fxe6 40. c3 bxc3+ 41. Kxc3 f5 42. b4 Ra1 43. Re2 Kd6 44. Kc4 Rc1+ 45. Kb5 Rd1 46.
Kb6 Rd4 47. b5 Ra4 48. Rd2+ Ke7 49. exf5 exf5 50. Kb7 e4 51. fxe4 fxe4 52. b6 Rb4 53.
Kc7 Rc4+ 54. Kb8 Ke6 55. b7 Rb4 56. Ra2 Ke5 57. Ka8 e3 58. b8=Q+ Rxb8+ 59. Kxb8 Kf4 60. Kc7 1-0

[Event "Early-Titled-Tuesday-Blitz-February-20-2024"]
[Site "Chess.com"]
[Date "2024.02.20"]
[Round "1"]
[White "falzehope0"]
[Black "Rurep26"]
[Result "0-1"]
[WhiteElo "2395"]
[BlackElo "2728"]
[TimeControl "180+1"]
[EndTime "8:07:51 PST"]
[Termination "Rurep26 won by checkmate"]

1. d4 Nf6 2. e3 e6 3. Bd3 b6 4. f4 Bb7 5. Nf3 g6 6. O-O Bg7 7. Nbd2 O-O 8. Qe2 c5 9. c3 d6 10. e4 cxd4 11. cxd4 Nc6 12. a3 Nh5 13. Qe3 e5 14. fxe5 dxe5 15. d5 Nd4 16. b4 Rc8 17. Bb2 Nxf3+ 18. Nxf3 Qe7 19. Rac1 Rfe8 20. Bb5 Red8 21.
Bc6 Bxc6 22. Rxc6 Rxc6 23. dxc6 Nf4 24. Nxe5 Nxg2 25. Qg3 Rd2 26. Rf2 Rxb2 27. Rxb2 Bxe5 28. Qxg2 Bd4+ 29. Kh1 Bxb2 30. Qxb2 Qxe4+ 31. Qg2 Qe1+ 32. Qg1 Qc3 33. b5 Qc4 34. h3 Qxb5 35. Qc1 Qd5+ 36.
Kh2 Qe5+ 37. Kg1 Qg3+ 38. Kf1 Qxh3+ 39. Kf2 Qh2+ 40. Kf3 Qc7 41. Qc3 h5 42. Ke4 Kf8 43. Kd5 Qd8+ 44. Ke4 Qe7+ 45. Kd5 Qe6+ 46. Kd4 Qf6+ 47.
Kc4 Qxc3+ 48. Kxc3 Ke7 49. Kd4 Kd6 50. Ke4 Kxc6 51.
Kf4 Kb5 52. Kg5 Ka4 53. Kf6 h4 54. Kxf7 h3 55. Kxg6 h2 56. Kf5 h1=Q 57. Ke5 Kxa3 58.
Kd6 b5 59. Kc7 b4 60. Kb8 b3 61. Kxa7 b2 62. Ka6 b1=Q 63. Ka7 Qbb7# 0-1

[Event "Early-Titled-Tuesday-Blitz-February-20-2024"]
[Site "Chess.com"]
[Date "2024.02.20"]
[Round "1"]
[White "Ezov"]
[Black "Lady_Nika"]
[Result "0-1"]
[WhiteElo "2173"]
[BlackElo "2578"]
[TimeControl "180+1"]
[EndTime "8:07:51 PST"]
[Termination "Lady_Nika won on time"]

1. d4 d5 2. Nc3 e6 3. Bf4 Bd6 4. Qd2 f5 5. g4 Nf6 6. g5 Ne4 7. Nxe4 fxe4 8. f3 exf3 9. Nxf3 O-O 10. Bxd6 Qxd6 11. O-O-O Nd7 12. Bh3 b6 13. Qe3 Re8 14.
Ne5 Nxe5 15. dxe5 Qe7 16. g6 h6 17. Rhf1 Ba6 18. Rf7 Qh4 19. Rdf1 c5 20. R1f2 Qh5 21.
Qf4 Qxg6 22. Bg4 Qg5 23. Qxg5 hxg5 24. Rd7 Rad8 25. Rxa7 Ra8 26. Rc7 Rac8 27. Ra7 Ra8 28. Rc7 Rf8 29. Bxe6+ Kh7 30. Bf5+ Kh6 31. Rf3 g4 32.
Bxg4 Rxf3 33. Bxf3 Re8 34. Bxd5 Rxe5 35. Bf3 Bxe2 36.
Bxe2 Rxe2 37. Rc6+ Kh5 38. Rxb6 Rxh2 39. Rc6 g5 40. Rxc5 Rf2 41. b4 Kh4 42. b5 g4 43.
b6 Rf6 44. Rb5 g3 45. b7 g2 46. b8=Q g1=Q+ 47. Kb2 Qd4+ 48. c3 Rf2+ 49. Kb3 Qd1+ 50. Kb4 Rb2+ 51. Kc5 Qg1+ 52. Kc6 Qg2+ 53. Kb6 Rxb5+ 54.
Kxb5 Qb2+ 55. Kc6 Qxb8 56. c4 Kg5 57. c5 Qa8+ 58. Kd6 Qxa2 59. c6 Qa8 60. Kd7 Kf6 61.
c7 Qd5+ 62. Kc8 Ke7 63. Kb8 Qb5+ 64. Ka8 Qa6+ 65. Kb8 Qb6+ 66. Ka8 Qc6+ 67. Kb8 Kd7 68.
Ka7 Qxc7+ 69. Ka8 Qc1 0-1

[Event "Early-Titled-Tuesday-Blitz-February-20-2024"]
[Site "Chess.com"]
[Date "2024.02.20"]
[Round "1"]
[White "aistrel"]
[Black "Oleksandr_Bortnyk"]
[Result "0-1"]
[WhiteElo "2533"]
[BlackElo "3066"]
[TimeControl "180+1"]
[EndTime "8:07:53 PST"]
[Termination "Oleksandr_Bortnyk won by resignation"]

1. d4 Nf6 2. Nc3 d5 3. Bf4 a6 4. e3 e6 5. g4 c5 6. g5 Nfd7 7. h4 Nc6 8. Nf3 b5 9. a3 Bb7 10. h5 Qb6 11. Bg2 Be7 12. g6 hxg6 13. hxg6 Rxh1+ 14. Bxh1 f5 15. Ng5 Nf8 16. Bxd5 exd5 17. Nxd5 Qa5+ 18.
b4 cxb4 19. Bc7 Qa4 20. axb4 Bxg5 21. Rxa4 bxa4 22. Nb6 Rd8 23. Bxd8 Bxd8 24. Nxa4 Nxg6 25. Nc5 Bc8 26. c4 Kf7 27. Qa4 Nge7 28. f4 Nb8 29.
Nd3 Nd7 30. d5 Bc7 31. Qb3 Bb7 32. Nc5 Bc8 33. Qa4 Nb6 34. Qc2 Bd6 35. Ke2 a5 36.
Nd3 Bxb4 37. Nxb4 axb4 38. Qb3 Ba6 39. Qxb4 Bxc4+ 40. Kf2 Nexd5 41. Qc5 Ba6 42. Qd4 Bc8 43. Qe5 Bd7 44. Qd6 Be6 45. Qe5 Nd7 46. Qd6 N7f6 47.
Qb8 Ng4+ 48. Kf3 Ngxe3 49. Qb7+ Kg6 50. Qb2 Ng4 51. Qb5 Ndf6 52. Qc6 Bd5+ 53. Qxd5 Nxd5 54. Kg3 Kh5 0-1

[Event "Early-Titled-Tuesday-Blitz-February-20-2024"]
[Site "Chess.com"]
[Date "2024.02.20"]
[Round "1"]
[White "Casper"]
[Black "mishanick"]
[Result "0-1"]
[WhiteElo "2530"]
[BlackElo "3053"]
[TimeControl "180+1"]
[EndTime "8:07:54 PST"]
[Termination "mishanick won by resignation"]

1. Nf3 d5 2. b3 c5 3. Bb2 Nc6 4. e3 a6 5. d4 Bg4 6. dxc5 e6 7.
c4 Nf6 8. cxd5 Nxd5 9. Nc3 Bxc5 10. Nxd5 exd5 11. Be2 Bb4+ 12. Nd2 Bxe2 13. Qxe2 O-O 14. O-O d4 15. exd4 Re8 16. Qd3 Ne5 17. Qg3 Ng6 18. Nc4 Rc8 19. a3 Bf8 20. Rac1 b5 21. Ne5 Bd6 22.
Qf3 Nxe5 23. dxe5 Bxe5 24. Bxe5 Rxe5 25. Qb7 Rxc1 26. Rxc1 g6 27. Qxa6 Kg7 28. h3 Qd5 29. b4 Rg5 30. g3 Qd4 31. Kg2 Qe4+ 32. Kg1 Qd4 33. Kg2 Rf5 34. Rf1 Qd3 35. Qa8 h5 36. h4 Rf6 37. Re1 Qd2 38. Rf1 Qc3 39. Qd5 Rf5 40. Qd1 Qxa3 41. Qa1+ Qxa1 42. Rxa1 Kf6 43. Ra5 Ke6 44. f4 Rd5 45. Kf3 Kf5 46. Ra7 f6 47. Rb7 Rd3+ 48. Kf2 Kg4 49. Rxb5 Rxg3 50. Rb6 Rf3+ 51. Kg2 Rxf4 52. b5 Kxh4 53. Ra6 g5 54. Ra1 Rb4 55. Kf3 g4+ 56. Ke3 Rxb5 57. Kf4 Rb4+ 58.
Kf5 Kg3 59. Kxf6 h4 60. Ra3+ Kh2 61. Kg5 g3 0-1